 Dungeon Crawl Stone Soup version 0.27.1-1-g398f81649c (webtiles) character file.

Game seed: 10189930322049360273

33021 Rickety the Unseen (level 13, -8/58 HPs)
             Began as a Spriggan Enchanter on Sept 11, 2021.
             Was an Elder of Dithmenos.
             Mangled by a death yak (9 damage)
             ... on level 5 of the Lair of Beasts.
             The game lasted 01:25:54 (23126 turns).

Rickety the Unseen (Spriggan Enchanter)            Turns: 23126, Time: 01:25:55

Health: -8/58      AC:  7    Str:  4    XL:     13   Next: 34%
Magic:  30/30      EV: 23    Int: 17    God:    Dithmenos [****..]
Gold:   957        SH:  0    Dex: 26    Spells: 20/36 levels left

rFire    + . .     SeeInvis +   a - +2 dagger (flame)
rCold    . . .     Faith    .   (shield restricted)
rNeg     . . .     Spirit   .   o - +2 robe {rF+}
rPois    .         Reflect  .   B - +0 hat {Will+}
rElec    .         Harm     .   x - +2 cloak
rCorr    .         Rampage  .   (gloves unavailable)
Will     ++++.                  (boots unavailable) Stlth *+++++++++
                                (no amulet)
HPRegen  0.19/turn              D - +6 ring of dexterity
MPRegen  0.22/turn              c - ring of willpower

@: wreathed by umbra, very quick
A: very small, no large weapons, unfitting armour, see invisible, speed 3
a: Renounce Religion, Shadow Step


You were on level 5 of the Lair of Beasts.
You worshipped Dithmenos.
Dithmenos was greatly pleased with you.
You visited 3 branches of the dungeon, and saw 15 of its levels.
You also visited: Ice Cave.

You collected 957 gold pieces.

Inventory:

Hand Weapons
 a - a +2 dagger of flaming (weapon)
 b - a +1 short sword of protection
 r - a +2 dagger
Missiles
 g - 55 poisoned darts (quivered)
Armour
 o - a +2 robe of fire resistance (worn)
 x - a +2 cloak (worn)
 B - a +0 hat of willpower (worn)
 E - the +0 robe of Cearghid {rElec rC- Dex+8 Slay-6}
   (You found it on level 2 of the Lair of Beasts)

   Dex:       It affects your dexterity (+8).
   Slay:      It affects your accuracy & damage with ranged weapons and melee
   (-6).
   rC:        It makes you vulnerable to cold.
   rElec:     It insulates you from electricity.
Jewellery
 c - a ring of willpower (right hand)
 f - a ring of ice
 D - a +6 ring of dexterity (left hand)
Wands
 e - a wand of iceblast (17)
 s - a wand of flame (15)
 z - a wand of mindburst (15)
Scrolls
 d - 3 scrolls of teleportation
 l - 4 scrolls of identify
 n - 2 scrolls of fog
 w - 2 scrolls of fear
 y - 3 scrolls of enchant armour
 G - 3 scrolls of enchant weapon
Potions
 h - a potion of might
 i - 3 potions of ambrosia
 j - 3 potions of brilliance
 m - 3 potions of invisibility
 p - a potion of attraction
 q - 2 potions of curing
 t - 2 potions of flight
 u - a potion of lignification
 v - 3 potions of haste
 F - a potion of resistance
Miscellaneous
 A - a phial of floods


   Skills:
 + Level 2.3 Fighting
 * Level 9.4 Short Blades
 + Level 7.0 Throwing
 + Level 6.2 Dodging
 * Level 18.4 Stealth
 + Level 12.2 Spellcasting
 - Level 2.0 Conjurations
 + Level 11.8 Hexes
 - Level 2.0 Summonings
 - Level 2.0 Ice Magic
 + Level 1.5 Air Magic
 + Level 1.2 Poison Magic
 + Level 1.3 Evocations


You had 20 spell levels left.
You knew the following spells:

 Your Spells              Type           Power      Damage    Failure   Level
a - Corona                Hex            55%        N/A       1%          1
b - Ensorcelled Hibernat  Hex/Ice        68%        N/A       1%          2
c - Confusing Touch       Hex            50%        N/A       1%          3
d - Dazzling Flash        Conj/Hex       68%        N/A       1%          3
f - Cause Fear            Hex            25%        N/A       1%          4
m - Summon Small Mammal   Summ           68%        N/A       3%          1
v - Poisonous Vapours     Pois/Air       30%        N/A       6%          2

Your spell library contained the following spells:

 Spells                   Type           Power      Damage    Failure   Level
 Inner Flame              Hex/Fire       30%        N/A       1%          3
 Tukima's Dance           Hex            50%        N/A       1%          3
 Freeze                   Ice            68%        1d8       3%          1
 Static Discharge         Conj/Air       16%        N/A       4%          2
 Sting                    Tmut/Pois      48%        1d5       5%          1
 Animate Skeleton         Necr           20%        N/A       7%          1
 Apportation              Tloc           20%        N/A       7%          1
 Beastly Appendage        Tmut           20%        N/A       7%          1
 Frozen Ramparts          Ice            34%        1d5       9%          3
 Ozocubu's Armour         Ice            17%        N/A       9%          3
 Wereblood                Tmut           10%        N/A       11%         2
 Summon Mana Viper        Hex/Summ       34%        N/A       11%         5
 Conjure Flame            Conj/Fire      13%        6-21      13%         3
 Spider Form              Tmut/Pois      6%         N/A       16%         3
 Ignite Poison            Fire/Tmut/Pois 11%        N/A       17%         3
 Yara's Violent Unravell  Hex/Tmut       15%        3d8       17%         5
 Gell's Gravitas          Tloc           5%         N/A       21%         3
 Teleport Other           Tloc           10%        N/A       21%         3
 Hailstorm                Conj/Ice       17%        3d6       28%         4
 Summon Ice Beast         Ice/Summ       17%        N/A       28%         4
 Olgreb's Toxic Radiance  Pois           14%        N/A       38%         4
 Sticky Flame             Conj/Fire      13%        2d4       41%         4
 Dispel Undead            Necr           10%        3d9       56%         4
 Passage of Golubria      Tloc           N/A        N/A       56%         4
 Freezing Cloud           Conj/Ice/Air   8%         6-21      65%         5
 Discord                  Hex            25%        N/A       98%         8
 Dispersal                Tloc           5%         N/A       100%        6
 Simulacrum               Ice/Necr       6%         N/A       100%        6
 Monstrous Menagerie      Summ           8%         N/A       100%        7
 Ozocubu's Refrigeration  Ice            8%         4d6       100%        7
 Polar Vortex             Ice            8%         N/A       100%        9


Dungeon Overview and Level Annotations

Branches:
Dungeon (9/15)             Temple (1/1) D:6            Lair (5/6) D:8
  Swamp (0/4) Lair:3       Spider (0/4) Lair:2        IceCv (visited)
  Slime: Lair:5-6       Orc: D:9-12

Altars:
Ashenzari
Cheibriados
Dithmenos
Elyvilon
Fedhas
Qazlal
Ru
Trog
Zin

Shops:
D:1 (

Annotations:
D:6 2 runed translucent doors, onlghost's ghost, novice VSBr
Lair:2 3 runed translucent doors, exclusion: oklob plant, Xudgha's ghost, journeyman MiFi
Lair:3 3 runed translucent doors, Alvadar's ghost, journeyman TrBe


Innate Abilities, Weirdness & Mutations

You are very small and have problems with some larger weapons.
You are too small for most types of armour.
You have supernaturally acute eyesight. (SInv)
You cover ground extremely quickly. (Speed+++)


Message History

Press: ? - help, Shift-Dir - straight line, f/p - death yak
Aim: a death yak (umbra, chance to affect: 5%)
The death yak resists with almost no effort.
Your shadow mimicks your spell!
The death yak resists with almost no effort.
Casting: Ensorcelled Hibernation (safe; 1% risk of failure)
Confirm with . or Enter, or press ? or * to list all spells.
Aiming: Ensorcelled Hibernation (safe; 1% risk of failure)
Press: ? - help, Shift-Dir - straight line, f/p - death yak
Aim: a death yak (umbra, chance to affect: 5%)
The death yak resists with almost no effort.
Casting: Ensorcelled Hibernation (safe; 1% risk of failure)
Confirm with . or Enter, or press ? or * to list all spells.
Aiming: Ensorcelled Hibernation (safe; 1% risk of failure)
Press: ? - help, Shift-Dir - straight line, f/p - death yak
Aim: a death yak (umbra, chance to affect: 5%)
The death yak resists with almost no effort.
Casting: Ensorcelled Hibernation (safe; 1% risk of failure)
Confirm with . or Enter, or press ? or * to list all spells.
Aiming: Ensorcelled Hibernation (safe; 1% risk of failure)
Press: ? - help, Shift-Dir - straight line, f/p - death yak
Aim: a death yak (umbra, chance to affect: 5%)
The death yak looks drowsy...
The helpless death yak fails to defend itself.
You spit the death yak like a pig!!!!! You burn the death yak!
You kill the death yak!
Dithmenos accepts your kill.
There is a stone staircase leading down here.
You start resting.
Magic restored.
You climb downwards.
The death yak barely misses you. The death yak gores you!
A yak comes into view.
The death yak misses you. The yak gores you! The death yak gores you!!
* * * LOW HITPOINT WARNING * * *
The death yak gores you!
* * * LOW HITPOINT WARNING * * *
There is a stone staircase leading up, spattered with blood here.
The yak barely misses you. The death yak barely misses you.
The death yak gores you!
You die...

#### #########
.#...####.....#.#
.................
.Y...............
Y...............!
?..Y...Y.........
###P#........#.#
#...Y@Y...#
###)YYY...#
##.Y.....#
.#Y...###
##.#...P# . YY.##
. ...# .. ...#


You could see 5 death yaks and 6 yaks.

Vanquished Creatures
  Rupert (Lair:3)
  Gastronok (Lair:1)
  5 hydras
  A death yak (Lair:4)
  9 elephants
  Maurice (D:8)
  3 black mambas
  8 cane toads
  4 komodo dragons
  5 rime drakes
  4 jumping spiders (Lair:2)
  A queen bee (Lair:4)
  5 meliai (Lair:4)
  2 polar bears
  17 blink frogs
  4 redbacks (Lair:2)
  A vampire (D:8)
  6 basilisks
  3 wyverns
  18 yaks
  2 death yak simulacra (IceCv)
  6 water moccasins
  4 orc warriors
  An ice beast (D:8)
  2 sky beasts
  2 necrophages
  2 centaurs
  A hornet zombie (D:7)
  An ogre (D:7)
  6 wolves
  A kobold brigand (D:7)
  A gnoll sergeant (D:7)
  6 bullfrogs
  A cane toad simulacrum (IceCv)
  A wyvern skeleton (D:7)
  33 killer bees
  4 electric eels
  3 howler monkeys (D:7)
  4 centaur zombies
  A hound (D:6)
  9 orc priests
  2 jellies
  2 bullfrog skeletons
  6 iguanas
  Jessica (D:2)
  2 centaur skeletons
  8 orc wizards
  A hell rat (Lair:4)
  A wolf simulacrum (IceCv)
  8 gnolls
  A howler monkey skeleton (D:5)
  A howler monkey zombie (D:5)
  7 adders
  A white imp (D:6)
  An ufetubus (Lair:2)
  3 worms
  6 dart slugs
  33 orcs
  7 endoplasms
  3 giant cockroaches
  2 goblins
  8 hobgoblins
  4 jackals (D:4)
  12 kobolds
  5 quokkas
  5 ball pythons
  4 bats
  3 frilled lizards
  3 rats
330 creatures vanquished.

Vanquished Creatures (others)
  An ufetubus (IceCv)
  8 fungi
  57 plants
66 creatures vanquished.

Grand Total: 396 creatures vanquished

Notes
Turn   | Place    | Note
-------+----------+-------------------------------------------
     0 | D:1      | Rickety the Spriggan Enchanter began the quest for the Orb.
     0 | D:1      | Reached XP level 1. HP: 9/9 MP: 5/5
   594 | D:1      | Reached XP level 2. HP: 9/13 MP: 4/6
   597 | D:1      | Learned a level 2 spell: Ensorcelled Hibernation
   691 | D:1      | Found Jostone's Antique Weapon Shoppe.
   765 | D:1      | Reached skill level 5 in Stealth
  1424 | D:1      | Reached XP level 3. HP: 16/16 MP: 8/8
  1485 | D:1      | Found a faded altar of an unknown god.
  1752 | D:2      | Found a sacrificial altar of Ru.
  1879 | D:2      | Noticed Jessica
  1881 | D:2      | Killed Jessica
  1882 | D:2      | Reached skill level 6 in Stealth
  2067 | D:2      | Reached XP level 4. HP: 20/21 MP: 4/9
  2071 | D:2      | Learned a level 3 spell: Confusing Touch
  3120 | D:2      | HP: 1/21 [orc priest (5)]
  3147 | D:2      | Reached skill level 1 in Ice Magic
  3341 | D:3      | Reached skill level 7 in Stealth
  3341 | D:3      | Reached XP level 5. HP: 24/24 MP: 7/10
  3789 | D:3      | Found a sacrificial altar of Ru.
  4160 | D:4      | Identified a scroll of acquirement
  4160 | D:4      | Acquired a ring of willpower
  5041 | D:4      | Reached XP level 6. HP: 28/28 MP: 7/12
  5179 | D:4      | Reached skill level 8 in Stealth
  5259 | D:4      | You fall into a shaft and drop 3 floors!
  5279 | D:7      | Noticed a sky beast
  5284 | D:7      | Killed a sky beast
  5286 | D:7      | Noticed an orc warrior
  5567 | D:6      | Found a runed translucent door.
  5587 | D:5      | Entered Level 5 of the Dungeon
  6109 | D:4      | Reached XP level 7. HP: 23/32 MP: 3/14
  6215 | D:5      | Reached skill level 9 in Stealth
  7562 | D:5      | Reached skill level 5 in Spellcasting
  7728 | D:5      | Reached skill level 5 in Hexes
  7806 | D:5      | Reached skill level 10 in Stealth
  7808 | D:5      | Learned a level 1 spell: Summon Small Mammal
  8769 | D:6      | Found a shadowy altar of Dithmenos.
  8769 | D:6      | Noticed a wyvern
  8778 | D:6      | Killed a wyvern
  8779 | D:6      | Reached skill level 1 in Throwing
  8779 | D:6      | Reached XP level 8. HP: 37/37 MP: 14/17
  8888 | D:6      | Became a worshipper of Dithmenos the Shadowed
  8899 | D:6      | Found a runed translucent door.
  8903 | D:6      | Found a staircase to the Ecumenical Temple.
  8952 | Temple   | Entered the Ecumenical Temple
  9132 | D:6      | Reached skill level 1 in Summonings
  9554 | D:6      | Noticed onlghost's ghost (novice VSBr)
  9645 | D:7      | Found a snail-covered altar of Cheibriados.
  9688 | D:7      | Found a white marble altar of Elyvilon.
  9889 | D:7      | Reached skill level 11 in Stealth
 10112 | D:6      | Reached skill level 1 in Fighting
 10440 | D:7      | Reached * piety under Dithmenos
 10514 | D:7      | Reached XP level 9. HP: 41/41 MP: 7/20
 11352 | D:7      | Reached skill level 12 in Stealth
 11361 | D:7      | Learned a level 4 spell: Cause Fear
 11383 | D:7      | Learned a level 3 spell: Dazzling Flash
 11526 | D:8      | Found a staircase to the Lair.
 11527 | D:8      | Noticed Maurice
 11657 | D:8      | Found a blossoming altar of Fedhas.
 11886 | D:8      | Killed Maurice
 11887 | D:8      | Reached skill level 1 in Conjurations
 11888 | D:8      | Found a bloodstained altar of Trog.
 12198 | D:8      | Reached skill level 13 in Stealth
 12396 | Lair:1   | Entered Level 1 of the Lair of Beasts
 12396 | Lair:1   | Noticed a cane toad
 12399 | Lair:1   | Killed a cane toad
 12457 | Lair:1   | Reached XP level 10. HP: 46/46 MP: 20/23
 12750 | Lair:1   | Reached skill level 5 in Short Blades
 12750 | Lair:1   | Reached skill level 14 in Stealth
 12915 | Lair:1   | Noticed an eight-headed hydra
 12929 | Lair:1   | Killed an eight-headed hydra
 12978 | Lair:1   | Noticed a cane toad
 12999 | Lair:1   | Killed a cane toad
 13049 | Lair:1   | Reached ** piety under Dithmenos
 13320 | Lair:1   | Noticed Gastronok
 14250 | Lair:1   | Killed Gastronok
 14251 | Lair:1   | Reached XP level 11. HP: 36/50 MP: 25/25
 14593 | Lair:1   | Reached skill level 1 in Evocations
 14679 | Lair:1   | Reached skill level 5 in Throwing
 15018 | Lair:2   | Found a frozen archway.
 15028 | Lair:2   | Reached skill level 15 in Stealth
 15032 | IceCv    | Entered an ice cave
 15043 | IceCv    | Reached skill level 10 in Spellcasting
 15614 | Lair:2   | Noticed a four-headed hydra
 15642 | Lair:2   | Reached skill level 5 in Dodging
 15769 | Lair:2   | Noticed Xudgha's ghost (journeyman MiFi)
 15830 | Lair:2   | Noticed an oklob plant
 15850 | Lair:2   | Found a runed translucent gate.
 15854 | Lair:2   | Found a runed translucent gate.
 15854 | Lair:2   | Found a runed translucent gate.
 16247 | Lair:2   | Reached skill level 10 in Hexes
 16487 | Lair:2   | Found a hole to the Spider Nest.
 16509 | Lair:2   | Identified the +0 robe of Cearghid {rElec rC- Dex+8 Slay-6}
 17097 | Lair:3   | Found a staircase to the Swamp.
 17098 | Lair:3   | Noticed a seven-headed hydra
 17104 | Lair:3   | Reached skill level 16 in Stealth
 17107 | Lair:3   | Killed a seven-headed hydra
 17108 | Lair:3   | Reached XP level 12. HP: 54/54 MP: 27/27
 17171 | Lair:3   | Reached *** piety under Dithmenos
 17238 | Lair:2   | Learned a level 2 spell: Poisonous Vapours
 18023 | Lair:3   | Noticed Alvadar's ghost (journeyman TrBe)
 18031 | Lair:3   | Noticed a seven-headed hydra
 18039 | Lair:3   | Killed a seven-headed hydra
 18441 | Lair:3   | Identified the +3 ring mail of the Pit {*Corrode rF+ Will+
                  | Dex+3}
 19026 | Lair:3   | Found a runed translucent gate.
 19026 | Lair:3   | Found a runed translucent gate.
 19026 | Lair:3   | Found a runed translucent gate.
 19137 | Lair:3   | Noticed Rupert
 19144 | Lair:3   | Killed Rupert
 19145 | Lair:3   | Reached skill level 17 in Stealth
 19352 | Lair:4   | Noticed a six-headed hydra
 19503 | Lair:4   | Reached skill level 1 in Air Magic
 20138 | Lair:4   | Reached **** piety under Dithmenos
 20537 | Lair:3   | Reached XP level 13. HP: 58/58 MP: 19/29
 20831 | Lair:4   | Reached skill level 18 in Stealth
 21233 | Lair:4   | HP: 2/58 [something/blast of calcifying dust (3)]
 22208 | Lair:4   | Reached skill level 1 in Poison Magic
 23125 | Lair:5   | HP: 1/58 [death yak (13)]
 23126 | Lair:5   | Mangled by a death yak

Illustrated notes

Levels and vault maps discovered:
D:1:      doesnt_arrival_eight_statues, layout_loops_ring, serial_shops,
          shop_coins, shapermc_ecumenical_altar_totnotflames, minmay_quantized
D:2:      layout_basic, basic_altar, uniq_jessica
D:3:      layout_rooms, mainiacjoe_overflow_cross_hatched,
          hangedman_glass_teeth, hangedman_decor_clover_reticule
D:4:      layout_basic
D:5:      layout_rooms, serial_bayou_ford_a
D:6:      layout_loops_ring, mainiacjoe_overflow_catwalk,
          minmay_temple_entry_large_hall, ebering_ghost_sewer_f,
          eino_small_chamber_without_monster
D:7:      layout_loops_cross, mainiacjoe_overflow_large_starburst
D:8:      layout_basic, kennysheep_mini_moat, trog_three_pillars_becter,
          lair_entry_dummy, uniq_maurice
D:9:      minmay_bloctagon_deflated, layout_rooms, serial_bayou_lagoon_b
Temple:   lightli_temple_of_artemis
Lair:1:   layout_cellular_growth, uniq_gastronok
Lair:2:   layout_regular_city, nicolae_spider_entry_tight_spaces,
          gammafunk_ghost_split, portal_ice_cave_rime,
          grunt_forest_small_clearing_treed, minmay_lair_oklob_chamber,
          infiniplex_staircase_pool
Lair:3:   layout_roguey, minmay_swamp_entry_reptiles, gammafunk_ghost_icy,
          serial_bayou_pond_b, small_statue_intersection, uniq_rupert
Lair:4:   regret_index_combs_of_tragedy, layout_regular_city, serial_bayou,
          serial_bayou_lake_a, serial_bayou_shore_b, serial_bayou_pond_b,
          serial_bayou_pond_c
Lair:5:   gammafunk_indiana_jones, layout_cellular_growth

Skill      XL: |  1  2  3  4  5  6  7  8  9 10 11 12 13 |
---------------+----------------------------------------+-----
Stealth        | 5 6 7 8 10 11 13 14 16 17 18 | 18.4
Dodging        | 3 4 5 6 |  6.2
Spellcasting   | 3 4 5 6 8 9 10 11 12 | 12.2
Ice Magic      | 1 2 |  2.0
Hexes          | 4 5 6 8 9 10 11 | 11.8
Short Blades   | 2 3 4 6 7 9 |  9.4
Throwing       | 1 4 6 7 |  7.0
Summonings     | 2 |  2.0
Fighting       | 1 2 |  2.3
Conjurations   | 2 |  2.0
Evocations     | 1 |  1.3
Air Magic      | 1 |  1.5
Poison Magic   | 1 |  1.2

Action                   |  1- 3 |  4- 6 |  7- 9 | 10-12 | 13-15 || total
-------------------------+-------+-------+-------+-------+-------++-------
Melee: Dagger            |    87 |   124 |   233 |   222 |    62 ||   728
Throw: Dart              |    11 |     3 |    27 |    45 |       ||    86
 Cast: Corona            |     4 |     6 |       |       |       ||    10
       Ensorcelled Hiber |    16 |    73 |    97 |   184 |    76 ||   446
       Confusing Touch   |       |     8 |    27 |    13 |     3 ||    51
       Summon Small Mamm |       |       |     2 |       |       ||     2
       Dazzling Flash    |       |       |       |    26 |    10 ||    36
       Poisonous Vapours |       |       |       |     6 |    27 ||    33
       Cause Fear        |       |       |       |     3 |     3 ||     6
Evoke: Wand              |       |       |       |    13 |       ||    13
  Use: Potion            |       |     5 |       |     1 |     1 ||     7
       Scroll            |       |    14 |     4 |     6 |       ||    24
 Stab: Sleeping          |    19 |    44 |    61 |   100 |    23 ||   247
       Confused          |       |     1 |    17 |     5 |     1 ||    24
       Distracted        |       |       |     2 |     4 |       ||     6
       Invisible         |       |       |       |     9 |    10 ||    19
Armor: Robe              |    12 |    14 |    20 |    24 |     2 ||    72
Dodge: Dodged            |    59 |   119 |   167 |   240 |    76 ||   661
